 Dungeon Crawl Stone Soup version 0.27-a0-1532-gca18f49f40 (webtiles) character file.

Game seed: 18259681462750577075

70 mandarbmax the Insei (level 4, -6/36 HPs)
             Began as a Draconian Transmuter on July 13, 2021.
             Was a Plaything of Xom.
             Mangled by Sigmund (14 damage)
             ... on level 3 of the Dungeon.
             The game lasted 00:04:25 (2316 turns).

mandarbmax the Insei (Draconian Transmuter)         Turns: 2316, Time: 00:04:26

Health: -6/36      AC:  5    Str: 12    XL:     4   Next: 4%
Magic:  0/7        EV: 12    Int: 14    God:    Xom [..*...]
Gold:   57         SH:  0    Dex: 12    Spells: 1/7 levels left

rFire    . . .     SeeInvis .     - Unarmed
rCold    . . .     Faith    .   (no shield)
rNeg     . . .     Spirit   .   (armour unavailable)
rPois    .         Reflect  .   (helmet restricted)
rElec    .         Harm     .   (no cloak)
rCorr    .         Rampage  .   (no gloves)
Will     .....                  (no boots)
Stlth    +.........             (no amulet)
HPRegen  0.12/turn              (no ring)
MPRegen  0.10/turn              (no ring)

@: wereblooded, very slightly contaminated
A: AC +5, unfitting armour, cold-blooded
a: Renounce Religion


You were on level 3 of the Dungeon.
You worshipped Xom.
You were a toy of Xom.
You visited 1 branch of the dungeon, and saw 3 of its levels.

You collected 57 gold pieces.

Inventory:

Missiles
 c - 4 boomerangs
 d - 7 poisoned darts
 h - 2 javelins
Scrolls
 a - 3 scrolls of identify
Potions
 f - a potion of curing


   Skills:
 - Level 2.0 Fighting
 - Level 2.0 Dodging
 + Level 4.5 Unarmed Combat
 - Level 2.0 Spellcasting
 - Level 2.0 Transmutations


You had one spell level left.
You knew the following spells:

 Your Spells              Type           Power      Damage    Failure   Level
a - Beastly Appendage     Tmut           14%        N/A       11%         1
b - Wereblood             Tmut           7%         N/A       16%         2
c - Spider Form           Tmut/Pois      2%         N/A       43%         3

Your spell library contained the following spells:

 Spells                   Type           Power      Damage    Failure   Level
 Magic Dart               Conj           4%         1d3       24%         1
 Call Imp                 Summ           1%         N/A       34%         2
 Mephitic Cloud           Conj/Pois/Air  1%         N/A       56%         3
 Ice Form                 Ice/Tmut       4%         N/A       83%         4


Dungeon Overview and Level Annotations

Branches:
Dungeon (2/15)

Altars:
Xom

Annotations:
D:3 Sigmund


Innate Abilities, Weirdness & Mutations

Your plain brown scales are hard. (AC +5)
You cannot fit into any form of body armour.
You are cold-blooded and may be slowed by cold attacks.


Message History

The orc hits you but does no damage.
Unknown command.
The endoplasm quivers.
You hit the orc.
You feel a bit better.
You kill the orc!
You howl as the wereblood boils in your veins!
You hear an angry hiss.
The orc misses you. The adder misses you. The adder bites you.
You are poisoned.
The adder poisons you!
A rat comes into view.
You completely miss the adder.
You feel sick. The orc hits you with a +0 whip.
* * * LOW HITPOINT WARNING * * *
The orc barely misses you. The adder bites you but does no damage.
Sigmund closely misses you. The adder barely misses you.
The rat moves out of view.
Unknown command.
You hit the adder.
The adder is heavily wounded.
You feel sick. The adder bites you but does no damage.
The orc hits you but does no damage. The adder barely misses you.
The orc closely misses you. Sigmund barely misses you.
The endoplasm hits you but does no damage.
Unknown command.
You feel better. The adder barely misses you.
A water moccasin comes into view.
The adder misses you. The orc hits you with a +0 whip. The orc misses you.
Sigmund closely misses you. The endoplasm freezes you.
You are frozen.
* * * LOW HITPOINT WARNING * * *
The adder bites you.
* * * LOW HITPOINT WARNING * * *
You feel better. The adder bites you. The orc closely misses you.
The orc hits you with a +0 morningstar!
* * * LOW HITPOINT WARNING * * *
Sigmund screams, "Die, monster!"
Sigmund hits you from afar with a +4 scythe!
You die...
Xom bursts into laughter!

.........
#........
#........
#........
...§.....
#or@§....
#ooS.....
#@Sg.....
#JS§§S..(
#§§§§....
#........
#....gS..
#.[......
#........
#########


You could see Sigmund, a water moccasin, 2 adders, 3 orcs, an endoplasm, a
hobgoblin and a rat.

Vanquished Creatures
  Robin (D:2)
  2 dart slugs
  An orc (D:3)
  7 ball pythons
  2 bats (D:2)
  3 endoplasms
  4 giant cockroaches
  10 goblins
  8 hobgoblins
  3 kobolds
  2 quokkas
  A frilled lizard (D:2)
  3 rats (D:1)
47 creatures vanquished.

Notes
Turn   | Place    | Note
-------+----------+-------------------------------------------
     0 | D:1      | mandarbmax the Draconian Transmuter began the quest for the
                  | Orb.
     0 | D:1      | Reached XP level 1. HP: 16/16 MP: 3/3
   258 | D:1      | Reached XP level 2. HP: 22/23 MP: 3/5
   767 | D:1      | Learned a level 2 spell: Wereblood
  1151 | D:2      | Reached skill level 4 in Unarmed Combat
  1183 | D:2      | Noticed Robin
  1184 | D:2      | Reached XP level 3. HP: 28/28 MP: 2/6
  1195 | D:2      | Killed Robin
  1200 | D:2      | Learned a level 3 spell: Spider Form
  1780 | D:2      | Found a faded altar of an unknown god.
  1794 | D:2      | Became a worshipper of Xom of Chaos
  1908 | D:2      | XOM: silly message
  1950 | D:2      | XOM: divination: detect creatures
  1986 | D:2      | XOM: divination: detect creatures
  1990 | D:2      | Reached XP level 4. HP: 36/36 MP: 3/7
  2173 | D:2      | XOM: silly message
  2215 | D:2      | XOM: silly message
  2303 | D:2      | You fall into a shaft and drop 1 floor!
  2306 | D:3      | Noticed Sigmund
  2315 | D:3      | Noticed a water moccasin
  2316 | D:3      | Mangled by Sigmund

Illustrated notes

Levels and vault maps discovered:
D:1:      wander_arrival_lonely_grave, layout_loops_ring
D:2:      layout_basic, hellmonk_ecumenical_altar_arch_garden, st_stairs_11,
          kennysheep_path_1, minmay_misc_feat_alley, minmay_misc_feat_hallway,
          uniq_robin
D:3:      layout_basic, lemuel_old_faithful, uniq_sigmund

Skill      XL: |  1  2  3 |
---------------+----------+-----
Dodging        | 2 |  2.0
Unarmed Combat | 4 |  4.5
Fighting       | 2 |  2.0
Spellcasting   | |  2.0
Transmutations | |  2.0

Action                   |  1- 3 |  4- 6 || total
-------------------------+-------+-------++-------
Melee: Unarmed           |    99 |     4 ||   103
       Kick              |    21 |       ||    21
       Headbutt          |     3 |       ||     3
       Tailslap          |     8 |       ||     8
 Cast: Beastly Appendage |    33 |       ||    33
       Wereblood         |     9 |     1 ||    10
  Use: Scroll            |       |     4 ||     4
       Potion            |       |     2 ||     2
 Stab: Sleeping          |     1 |       ||     1
Armor: Skin              |    29 |     8 ||    37
Dodge: Dodged            |    54 |    30 ||    84

Table legend: (Time is in decaauts)
 A = Elapsed time spent in this place.
 B = Non-inter-level travel time spent in this place.
 C = Inter-level travel time spent in this place.
 D = Time resting spent in this place.
 E = Time spent auto-exploring this place.
 F = Levels seen in this place.
 G = Mean time per level.
                   A        B        C        D        E       F      G
               +--------+--------+--------+--------+--------+-----+--------+
         Total |   2307 |   2299 |      8 |    229 |   1792 |   3 |  769.0 |
       Dungeon |   2307 |   2299 |      8 |    229 |   1792 |   3 |  769.0 |
               +--------+--------+--------+--------+--------+-----+--------+

Top non-repeatable levels by time:
     D:2: 1219 daAuts
     D:1: 1075 daAuts
     D:3: 12 daAuts
